 Dungeon Crawl Stone Soup version 0.31-a0-233-g139696dc86 (webtiles) character file.

Game seed: 12753509197634450423

116 qw the Shooter (level 4, 0/36 HPs)
             Began as a Minotaur Hexslinger on July 9, 2023.
             Slain by an orc wizard
             ... wielding a +0 dagger
              (2 damage)
             ... on level 3 of the Dungeon.
             The game lasted 00:00:51 (2324 turns).

qw the Shooter (Minotaur Hexslinger)                Turns: 2324, Time: 00:00:52

Health: 0/36       AC:  7    Str: 13    XL:     4   Next: 69%
Magic:  4/4        EV: 11    Int: 10    God:
Gold:   198        SH:  0    Dex: 14    Spells: 4/5 levels left

rFire   . . .        Y - +1 sling
rCold   . . .        (no shield)
rNeg    . . .        e - +0 ring mail
rPois   .            (helmet restricted)
rElec   .            (no cloak)
rCorr   .            h - +1 pair of gloves
SInv    .            (no boots)
Will    .....        (no amulet)
Stlth   +            (no ring)
HPRegen 0.26/turn    (no ring)
MPRegen 0.09/turn

%: no passive effects
@: no status effects
A: horns 2, retaliatory headbutt
a: no special abilities


You were on level 3 of the Dungeon.
You visited 1 branch of the dungeon, and saw 3 of its levels.

You collected 198 gold pieces.


Innate Abilities, Weirdness & Mutations

You have a pair of horns on your head.
You reflexively headbutt those who attack you in melee.


   Skills:
 + Level 2.2 Fighting
 - Level 5.0 Ranged Weapons
 - Level 1.1 Armour
 - Level 2.1 Dodging
 - Level 1.0 Spellcasting
 - Level 2.0 Hexes


You had 4 spell levels left.
You knew the following spells:

 Your Spells              Type           Power      Damage    Failure   Level
a - Slow                  Hex            16%        N/A       32%         1

Your spell library contained the following spells:

 Spells                   Type           Power      Damage    Failure   Level
 Inner Flame              Hex/Fire       2%         N/A       82%         3
 Portal Projectile        Hex/Tloc       4%         N/A       82%         3
 Cause Fear               Hex            2%         N/A       97%         4

Inventory:

Hand Weapons
 Y - a +1 sling (weapon)
Armour
 e - a +0 ring mail (worn)
 h - a +1 pair of gloves (worn)
Scrolls
 a - a scroll of teleportation
 c - a scroll of identify
 g - a scroll of fog {unknown}
Potions
 b - a potion of haste {unknown}
 d - 2 potions of curing {unknown}
 f - a potion of resistance {unknown}
 k - a potion of berserk rage {unknown}

Dungeon Overview and Level Annotations

Branches:
Dungeon (3/15)

Altars:
Yredelemnul

Shops:
D:2 (


Message History

The magic dart hits you! Something hits you but does no damage.
You shoot a sling bullet. Something hits you but does no damage.
You shoot a sling bullet. Something hits you but does no damage.
You shoot a sling bullet. Something hits you but does no damage.
You hear some strange, mumbled words.
A puff of flame appears from out of thin air!
The puff of flame hits you!
You shoot a sling bullet. Something hits you but does no damage.
You shoot a sling bullet. Something hits you.
You shoot a sling bullet. Something hits you but does no damage.
You shoot a sling bullet.
You hear some strange, mumbled words.
You are confused.
Something hits you but does no damage.
You shoot a sling bullet. Something hits you.
You shoot a sling bullet. Something hits you.
You shoot a sling bullet. Something hits you but does no damage.
You shoot a sling bullet.
Something hits you but does no damage. x2
You shoot a sling bullet.
You feel less confused. Something hits you but does no damage.
You shoot a sling bullet.
You hear some strange, mumbled words.
A puff of flame appears from out of thin air!
The puff of flame hits you.
You shoot a sling bullet. Something hits you but does no damage.
You shoot a sling bullet. Something hits you but does no damage.
Something hits you.
You die...

.................#
...#############.# .# ...#
.......'.# .# ...# .......#.# ..#
...# .......#.# ..#.. #.. ...#
.......#.#...#..##.. ...#
.......#.#)..#..#..## ...#
.......#{)...#...... ...#
###+####@#...#..... .......
........#...#....######
##################...#..........
.....................#...########
.....................#...........
.....................#..####.....
##########'#######>###..# #.....
.....................# #.....
.....................# #.....


There were no monsters in sight!

Vanquished Creatures
  An orc priest (D:3)
  An adder (D:2)
  A worm (D:2)
  7 orcs (D:3)
  6 endoplasms
  2 giant cockroaches
  7 goblins
  6 hobgoblins
  4 jackals (D:2)
  6 kobolds
  6 quokkas
  4 ball pythons (D:1)
  4 frilled lizards (D:1)
  2 rats (D:1)
  A spectral hobgoblin (D:2)
58 creatures vanquished.

Notes
Turn   | Place    | Note
-------+----------+-------------------------------------------
     0 | D:1      | qw the Minotaur Hexslinger began the quest for the Orb.
     0 | D:1      | Reached XP level 1. HP: 16/16 MP: 1/1
     0 | D:1      | 0 ||| qw: Version: 0.3-a-51-g015441d
     0 | D:1      | 0 ||| qw: Game counter: 3981
     0 | D:1      | 0 ||| qw: Melee chars always use a shield: true
     0 | D:1      | 0 ||| qw: God list: Okawaru
     0 | D:1      | 0 ||| qw: Allow faded altars: false
     0 | D:1      | 0 ||| qw: Do Orc after clearing Dungeon:15 true
     0 | D:1      | 0 ||| qw: Do second Lair branch before Depths: true
     0 | D:1      | 0 ||| qw: Lair rune preference: random
     0 | D:1      | 0 ||| qw: Goals: Normal
     0 | D:1      | 0 ||| PLANNING D:1-11
   159 | D:1      | Reached skill level 3 in Ranged Weapons
   166 | D:1      | Reached XP level 2. HP: 23/23 MP: 2/2
   725 | D:1      | Reached XP level 3. HP: 24/29 MP: 3/3
   990 | D:1      | 990 ||| UPGRADING to +0 ring mail.
  1000 | D:1      | 1000 ||| DROPPING +0 robe.
  1001 | D:1      | 1001 ||| UPGRADING to +0 pair of gloves.
  1006 | D:1      | 1006 ||| READING scroll labelled BOAZEL QEOPPE.
  1010 | D:1      | 1010 ||| READING scroll labelled USTINI ITACETI.
  1011 | D:1      | 1011 ||| READING scroll labelled CODOOW UMUPUS.
  1062 | D:1      | 1062 ||| DROPPING scroll of poison.
  1110 | D:2      | Reached skill level 4 in Ranged Weapons
  1167 | D:2      | Found a faded altar of an unknown god.
  1244 | D:2      | Reached skill level 1 in Armour
  1296 | D:2      | Found Coh Paph's Weapon Shoppe.
  1301 | D:2      | Identified the +10 spear "Vunuf" {pain, SInv}
  1569 | D:2      | Found a basalt altar of Yredelemnul.
  1773 | D:2      | 1773 ||| READING scroll labelled IJICZU TIPPAAQ.
  2056 | D:3      | Reached XP level 4. HP: 36/36 MP: 4/4
  2175 | D:3      | 2175 ||| READING scroll of enchant armour.
  2175 | D:3      | 2175 ||| ENCHANTING +0 pair of gloves.
  2299 | D:3      | Reached skill level 5 in Ranged Weapons
  2312 | D:3      | HP: 6/36 [something/puff of flame (7)]
  2317 | D:3      | HP: 5/36 [something (2)]
  2322 | D:3      | HP: 1/36 [something/puff of flame (3)]
  2324 | D:3      | Slain by an orc wizard

Levels and vault maps discovered:
D:1:      roderic_octagonal_star, layout_loops_corners
D:2:      layout_loops_ring, serial_shops, shop,
          dreamdust_ecumenical_altar_drowned_temple, basic_altar,
          grunt_ministairs_5
D:3:      layout_basic, mainiacjoe_overflow_alcove_2,
          nicolae_concentric_dashed_squares_mild

Skill      XL: |  1  2  3  4 |
---------------+-------------+-----
Ranged Weapons | 3 4 5 |  5.0
Fighting       | 2 |  2.2
Armour         | 1 |  1.1
Dodging        | |  2.1
Spellcasting   | |  1.0
Hexes          | |  2.0

Action                     |  1- 3 |  4- 6 || total
---------------------------+-------+-------++-------
   Fire: Sling             |   148 |    73 ||   221
    Use: Scroll            |     4 |     1 ||     5
 Armour: Robe              |     3 |       ||     3
         Ring mail         |    12 |    35 ||    47
  Dodge: Dodged            |    46 |    18 ||    64

Table legend:
 A = Non-vault XP
 B = Vault XP
 C = Vault XP percentage of total XP
 D = Non-vault monster count
 E = Vault monster count
 F = Vault count percentage of total count
                 A         B        C        D         E       F
            +---------+---------+-------+---------+---------+-------
      Total |     161 |       5 |   3.0 |      55 |       3 |   5.2
            +---------+---------+-------+---------+---------+-------
        D:1 |      49 |       0 |   0.0 |      29 |       0 |   0.0
        D:2 |      36 |       5 |  12.2 |      11 |       3 |  21.4
        D:3 |      76 |       0 |   0.0 |      15 |       0 |   0.0
            +---------+---------+-------+---------+---------+-------
